AoeStats
← LtMeliodas

Arena

511472147Analyzed
1v1 RM · 11d ago on Oct 5, 2026· 39m 34s· 2 players
Game mode
Random Map
Map size
Tiny (2 player)
Population
200
Speed
Normal
Resources
Standard
Victory
Conquest
Starting age
Dark Age
Ending age
Imperial Age
RankedLock teamsTeams togetherTeam positionsShared explorationLock speedFull tech treeHidden civsTurbo modeCheats
Victory
Defeat
🇨🇳 Franks · China
891
+17
vs
🇨🇴 Goths · Colombia
913
-48
Ilikegame
0:28 Loom
10:36 Feudal Age
11:11 Double-Bit Axe
14:12 Wheelbarrow
16:14 Castle Age
18:34 Hand Cart
18:45 Bow Saw
23:43 Stone Mining
24:44 Gold Mining
27:40 Gold Shaft Mining
27:20 Forging
27:26 Pikeman
28:07 Squires
28:13 Scale Barding Armor
28:44 Iron Casting
32:56 Imperial Age
32:05 Chain Barding Armor
32:08 Ballistics
31:56 Husbandry
31:56 Light Cavalry
32:05 Elite Skirmisher
35:29 Chemistry
35:58 Plate Barding Armor
36:24 Blast Furnace
35:47 Cavalier
38:41 Paladin
39:24 Padded Archer Armor
39:14 Fletching
LtMeliodas
11:43 Feudal Age
17:22 Castle Age
15:33 Horse Collar
15:44 Double-Bit Axe
17:38 Loom
18:31 Wheelbarrow
18:41 Heavy Plow
23:19 Stone Mining
26:25 Pikeman
31:12 Hand Cart
34:56 Imperial Age
34:47 Gold Mining
37:49 Bow Saw
37:31 Town Watch
38:04 Forging
37:54 Scale Mail Armor
37:47 Fletching
38:34 Perfusion
38:39 Anarchy
Connection lost

Rejoining the realm…

Still unreachable

The connection could not be restored.

Session expired

The server has moved on; the page needs a fresh start.